 Dungeon Crawl Stone Soup version 0.27.1-33-g824d729ab1 (webtiles) character file.

Game seed: 4912369549087488490

226 Descartes the Skirmisher (level 5, -9/28 HPs)
             Began as a Felid Wanderer on Nov 29, 2021.
             Was an Initiate of Gozag.
             Mangled by a yak (16 damage)
             ... on level 3 of the Dungeon.
             The game lasted 00:08:13 (5256 turns).

Descartes the Skirmisher (Felid Wanderer)           Turns: 5256, Time: 00:08:14

Health: -9/28      AC:  2    Str: 10    XL:     5   Next: 69%
Magic:  6/6        EV: 19    Int: 14    God:    Gozag
Gold:   156        SH:  0    Dex: 15    Spells: 4/4 levels left
                                        Lives:  0   Deaths: 1

rFire    . . .     SeeInvis +     - Unarmed
rCold    . . .     Faith    .   (shield unavailable)
rNeg     . . .     Spirit   .   (armour unavailable)
rPois    .         Reflect  .   (helmet unavailable)
rElec    .         Harm     .   (cloak unavailable)
rCorr    .         Rampage  .   (gloves unavailable)
Will     .....                  (boots unavailable)
Stlth    +++.......             (no amulet)
HPRegen  0.09/turn              (no ring)
MPRegen  0.10/turn              (no ring)

@: quick
A: very small, claws 1, fangs 3, see invisible, speed 1, shaggy fur 2, stealthy
paws, no weapons or thrown items, no armour, multi-lived
a: Renounce Religion, Potion Petition, Call Merchant, Bribe Branch


You were on level 3 of the Dungeon.
You worshipped Gozag.
Gozag was aware of your devotion.
You visited 2 branches of the dungeon, and saw 5 of its levels.

You collected 202 gold pieces.
You paid 46 gold pieces to Gozag.

Inventory:

Missiles
 c - 79 stones
Jewellery
 q - a ring of fire
Wands
 i - a wand of digging (4)
Scrolls
 a - a scroll of teleportation
 d - 4 scrolls of identify {unknown}
 g - a scroll of immolation {unknown}
 h - 2 scrolls of magic mapping {unknown}
 j - a scroll of torment {unknown}
 k - a scroll of enchant weapon {unknown}
 l - a scroll of summoning {unknown}
 m - a scroll of amnesia {unknown}
 n - a scroll of silence {unknown}
Potions
 b - 2 potions of lignification
 e - 4 potions of curing {unknown}
 f - a potion of degeneration {unknown}
 o - a potion of flight {unknown}
 p - a potion of berserk rage {unknown}


   Skills:
 - Level 7.0 Fighting
 + Level 5.3 Dodging
 - Level 5.0 Stealth
 + Level 4.6 Unarmed Combat


You had 4 spell levels left.
You didn't know any spells.
Your spell library contained the following spells:

 Spells                   Type           Power      Damage    Failure   Level
 Summon Small Mammal      Summ           0%         N/A       28%         1
 Call Canine Familiar     Summ           0%         N/A       65%         3
 Ozocubu's Armour         Ice            0%         N/A       65%         3
 Summon Guardian Golem    Hex/Summ       0%         N/A       65%         3
 Ozocubu's Refrigeration  Ice            0%         4d5       100%        7


Dungeon Overview and Level Annotations

Branches:
Dungeon (4/15)             Temple (1/1) D:4

Altars:
Ashenzari
Cheibriados
Dithmenos
Elyvilon
Fedhas
Gozag
Hepliaklqana
Nemelex Xobeh
Qazlal
Ru
Sif Muna
Wu Jian
Xom
Yredelemnul
Zin
The Shining One

Annotations:
D:4 3 runed translucent doors, SirFleras's ghost, amateur GrFi; letownia's ghost, weakling BaWr


Innate Abilities, Weirdness & Mutations

You have sharp claws.
You have razor-sharp teeth.
You have supernaturally acute eyesight. (SInv)
You cover ground quickly. (Speed+)
You are covered in thick fur. (AC +2)
Your paws help you pounce on unaware monsters.
You are incapable of wielding weapons or throwing items.
You cannot wear armour.
You gain extra lives every three experience levels.


Message History

The yak bellows!
The yak bellows! x3
The yak misses you.
You scratch the yak.
The yak is lightly wounded.
There is a stone staircase leading up here.
The yak misses you.
You climb upwards.
There is a stone staircase leading down here.
You see here a +0 club.
You scratch the yak. You claw the yak.
The yak is lightly wounded.
The yak closely misses you.
You claw the yak!
The yak is moderately wounded.
The yak barely misses you.
You scratch the yak.
The yak is moderately wounded.
The yak gores you.
You barely miss the yak.
The yak is moderately wounded.
The yak gores you.
You claw the yak!
The yak is heavily wounded.
The yak completely misses you.
You scratch the yak.
The yak is heavily wounded.
The yak misses you.
You scratch the yak. Your bite misses the yak.
The yak is severely wounded.
The yak gores you!
* * * LOW HITPOINT WARNING * * *
You are too injured to fight recklessly!
You are too injured to fight recklessly!
You scratch the yak but do no damage.
The yak is severely wounded.
The yak gores you!
Ouch! That really hurt!
You die...
Your body crumbles into a pile of gold.

######## ###########
##..##..##
..........###........###
######.##.##...........#
######.##.##...........#
.....#.##.###........#.#
.....#.##.###..Y.....#.#
.....#..........@......#
.....####.##...........#
.....# #.###........#.#
.....# #.# ##..##..##.#
.....# #.# #..#####..#
.....# #.# #.#<# #.##
.....# #.# #.#.####.###
.....# #.# #.#....)...#
####.## #.# #.#.######.#


You could see a yak.

Vanquished Creatures
  Sigmund (D:1)
  Crazy Yiuf (D:2)
  A bullfrog skeleton (D:4)
  Jessica (D:1)
  Ijyb (D:3)
  Terence (D:3)
  6 adders
  An ufetubus (D:4)
  A worm (D:4)
  5 dart slugs (D:1)
  An orc (D:3)
  5 ball pythons
  4 endoplasms
  5 giant cockroaches
  7 goblins
  7 hobgoblins
  3 quokkas
  2 bats (D:2)
  4 frilled lizards
  7 kobolds
  4 rats
68 creatures vanquished.

Vanquished Creatures (others)
  A bat (D:1)
1 creature vanquished.

Grand Total: 69 creatures vanquished

Notes
Turn   | Place    | Note
-------+----------+-------------------------------------------
     0 | D:1      | Descartes the Felid Wanderer began the quest for the Orb.
     0 | D:1      | Descartes set off with the following items: a scroll of
                  | teleportation, a potion of lignification
     0 | D:1      | Reached XP level 1. HP: 14/14 MP: 2/2
   258 | D:1      | Reached XP level 2. HP: 18/18 MP: 3/3
   340 | D:1      | Reached skill level 1 in Unarmed Combat
   735 | D:1      | Reached XP level 3. HP: 13/21 MP: 4/4
  1376 | D:2      | Noticed Sigmund
  1392 | D:1      | Killed Sigmund
  1393 | D:1      | Reached skill level 5 in Stealth
  1393 | D:1      | Reached XP level 4. HP: 17/25 MP: 5/5
  1393 | D:1      | Reached XP level 5. HP: 19/28 MP: 6/6
  1582 | D:2      | Noticed a golden eye
  1786 | D:2      | Found a faded altar of an unknown god.
  1787 | D:2      | Noticed a golden eye
  1787 | D:2      | Noticed a floating eye
  1787 | D:2      | Noticed a great orb of eyes
  2071 | D:2      | Noticed Jessica
  2336 | D:1      | Killed Jessica
  2598 | D:2      | Gained mutation: You are covered in thick fur. (AC +2)
                  | [Felid growth]
  2598 | D:2      | Reached XP level 6. HP: 25/33 MP: 7/7
  2886 | D:2      | Found a runed translucent door.
  2887 | D:2      | Noticed Crazy Yiuf
  3059 | D:2      | Killed Crazy Yiuf
  3060 | D:2      | Reached skill level 5 in Dodging
  3422 | D:3      | Noticed Ijyb
  3435 | D:3      | Killed Ijyb
  3680 | D:3      | Noticed Terence
  3683 | D:3      | Killed Terence
  3917 | D:4      | Found a runed translucent gate.
  3917 | D:4      | Found a runed translucent gate.
  3917 | D:4      | Found a runed translucent gate.
  3918 | D:4      | Noticed letownia's ghost (weakling BaWr)
  3919 | D:4      | Noticed SirFleras's ghost (amateur GrFi)
  4058 | D:4      | Found a staircase to the Ecumenical Temple.
  4067 | Temple   | Entered the Ecumenical Temple
  4214 | Temple   | Became a worshipper of Gozag Ym Sagoz the Greedy
  4776 | D:4      | Noticed a yak
  4777 | D:4      | Noticed a yak
  4777 | D:4      | Noticed a yak
  4777 | D:4      | Noticed a yak
  4858 | D:4      | Slain by an adder
  4859 | D:4      | Reached XP level 5. HP: 0/28 MP: 6/6
  5256 | D:3      | Mangled by a yak

Illustrated notes

Levels and vault maps discovered:
D:1:      dpeg_arrival_stone_temple_mockup, layout_loops_ring,
          grunt_decor_junction
D:2:      layout_rooms, hellmonk_ecumenical_altar_watching_god,
          wad_floor_pattern_untrapped, uniq_sigmund, uniq_crazy_yiuf_cottage,
          uniq_jessica
D:3:      layout_basic, st_stairs_5, serial_bayou_crossing, uniq_terence,
          uniq_ijyb
D:4:      layout_layer_cave, minmay_temple_entry_glass,
          gammafunk_ghost_cemetery, kennysheep_nondescript
Temple:   nicolae_temple_elliptical

Skill      XL: |  1  2  3  4  5  6 |
---------------+-------------------+-----
Stealth        | 3 5 |  5.0
Dodging        | 2 4 5 |  5.3
Unarmed Combat | 1 3 4 |  4.6
Fighting       | |  7.0

Action                   |  1- 3 |  4- 6 || total
-------------------------+-------+-------++-------
Melee: Unarmed           |    98 |   142 ||   240
       Bite              |     8 |    16 ||    24
       Punch             |       |     3 ||     3
  Use: Potion            |     1 |     2 ||     3
 Stab: Sleeping          |     7 |     9 ||    16
Armor: Skin              |     9 |    10 ||    19
Dodge: Dodged            |    65 |    96 ||   161
